AoeStats
← RIO1000

Arabia

506530931Analyzed
1v1 RM · 19d ago on Sep 13, 2026· 22m 3s· 2 players
Game mode
Random Map
Map size
Tiny (2 player)
Population
200
Speed
Normal
Resources
Standard
Victory
Conquest
Starting age
Dark Age
Ending age
Imperial Age
RankedLock teamsTeams togetherTeam positionsShared explorationLock speedFull tech treeHidden civsTurbo modeCheats
Victory
Defeat
🇲🇽 Franks · Mexico
841
+16
🇧🇷 Inca · Brazil
848
-16
RIO1000
9:58 Feudal Age
9:55 Loom
13:28 Fletching
13:34 Gold Mining
19:39 Castle Age
17:48 Double-Bit Axe
19:52 Scale Barding Armor
21:09 Bow Saw
21:09 Crossbowman
Ph
3:25 Loom
10:19 Feudal Age
11:49 Wheelbarrow
11:03 Double-Bit Axe
10:59 Horse Collar
11:06 Horse Collar
12:04 Gold Mining
12:49 Champi Runner
15:27 Forging
19:14 Arson
19:38 Scale Mail Armor
Connection lost

Rejoining the realm…

Still unreachable

The connection could not be restored.

Session expired

The server has moved on; the page needs a fresh start.